 Dungeon Crawl Stone Soup version 0.20.0-3-g22ec75f (webtiles) character file.

85 Kosschaser the Shield-Bearer (level 4, -2/28 HPs)
             Began as a Gargoyle Fighter on May 26, 2017.
             Slain by a small abomination (7 damage)
             ... on level 1 of the Abyss.
             The game lasted 00:07:26 (1931 turns).

Kosschaser the Shield-Bearer (Gargoyle Fighter)     Turns: 1931, Time: 00:07:26

Health: -2/28      AC: 10    Str: 20    XL:     4   Next: 48%
Magic:  4/4        EV:  7    Int:  9    God:
Gold:   136        SH:  9    Dex:  9    Spells: 3/3 levels left

rFire    . . .     SeeInvis .   a - +0 flail
rCold    . . .     Gourm    .   c - +0 shield
rNeg     + . .     Faith    .   b - +0 scale mail
rPois    ∞         Spirit   .   (no helmet)
rElec    +         Reflect  .   (no cloak)
rCorr    .         Harm     .   (no gloves)
MR       .....                  (no boots)
Stlth    ..........             q - amulet of regeneration
Regen    0.5/turn               p - ring of wizardry
MPRegen  0.1/turn               (no ring)

@: no status effects
A: negative energy resistance 1, electricity resistance, unbreathing,
petrification resistance, rot immunity, AC +3
a: no special abilities


You were on level 1 of the Abyss.
You were very hungry.

You visited 1 branch of the dungeon, and saw 3 of its levels.
You visited the Abyss 1 time.

You collected 136 gold pieces.

Inventory:

Hand Weapons
 a - a +0 flail (weapon)
Armour
 b - a +0 scale mail (worn)
 c - a +0 shield (worn)
Jewellery
 p - a ring of wizardry (left hand)
 q - an amulet of regeneration (around neck)
Scrolls
 i - a scroll of remove curse {unknown}
 j - a scroll of fear {unknown}
 l - 2 scrolls of teleportation {unknown}
 m - a scroll of recharging {unknown}
 n - a scroll of enchant weapon {unknown}
Potions
 d - 3 potions of might
 e - a potion of magic {unknown}
 k - a potion of degeneration {unknown}
 o - a potion of haste {unknown}
 s - a potion of curing {unknown}
Comestibles
 f - 3 bread rations
 g - 3 fruits
 h - 4 meat rations


   Skills:
 + Level 3.5 Fighting
 + Level 2.8 Maces & Flails
 + Level 3.8 Armour
 + Level 0.2 Dodging
 + Level 4.4 Shields


You had 3 spell levels left.
You didn't know any spells.

Dungeon Overview and Level Annotations

Branches:
Dungeon (3/15)

Altars:
Elyvilon
Kikubaaqudgha
Qazlal
Ru
Xom

Annotations:
D:3 Crazy Yiuf


Innate Abilities, Weirdness & Mutations

You are resistant to torment.
Your stone body is resilient. (AC +3)
You are immune to poison.
You resist negative energy. (rN+)
You are resistant to electric shocks. (rElec)
You can survive without breathing.
You are immune to petrification.
You are immune to rotting.


Message History

A bone dragon comes into view.
Found 15 arrows.
You hit the small abomination.
The small abomination is lightly damaged.
The small abomination hits you but does no damage.
The bone dragon bites you!
Ouch! That really hurt!
The bone dragon claws you but does no damage.
The bone dragon tramples you.
You hold your ground!
You hit the small abomination.
The small abomination is moderately damaged.
You block the small abomination's attack.
The bone dragon bites you. The bone dragon barely misses you.
The bone dragon tramples you.
* * * LOW HITPOINT WARNING * * *
You hold your ground!
You sock the small abomination!
The small abomination is heavily damaged.
The small abomination hits you!
You die...

. .# # ## #. .# .
.. .# ## ♣ .#... ..
# #### . .#..# .#
#..## ♣.... #.#####
##@D## .. ..##....#
#x##.# ♣...# #.#. #
#.#.## ♣. .≈#...
#.##.##.#
..♣.......##..##..#
##.# #.....#...x.##
# #.... ..# . # #
#.#......# .. .#. .
...#.####. #


You could see a bone dragon and a small abomination.

Vanquished Creatures
  An adder (D:2)
  An ooze (D:3)
  A dart slug (D:2)
  A worm (D:2)
  4 leopard geckos (D:2)
  4 orcs (D:3)
  3 giant cockroaches (D:1)
  9 goblins
  6 hobgoblins
  2 quokkas
  8 bats
  4 frilled lizards
  7 kobolds
  6 rats
57 creatures vanquished.

Notes
Turn   | Place    | Note
-------+----------+-------------------------------------------
     0 | D:1      | Kosschaser the Gargoyle Fighter began the quest for the Orb.
     0 | D:1      | Reached XP level 1. HP: 14/14 MP: 1/1
    85 | D:1      | Reached XP level 2. HP: 9/19 MP: 2/2
   331 | D:1      | Reached XP level 3. HP: 16/23 MP: 3/3
   558 | D:2      | Reached skill level 4 in Shields
   680 | D:2      | Found a faded altar of an unknown god.
   772 | D:2      | Reached XP level 4. HP: 18/28 MP: 4/4
  1316 | D:3      | Found an ancient bone altar of Kikubaaqudgha.
  1325 | D:3      | Found a sacrificial altar of Ru.
  1325 | D:3      | Found a white marble altar of Elyvilon.
  1325 | D:3      | Found a stormy altar of Qazlal.
  1523 | D:3      | Found a shimmering altar of Xom.
  1852 | D:3      | Found a runed door.
  1856 | D:3      | Noticed Crazy Yiuf
  1865 | D:3      | Cast into level 1 of the Abyss (Crazy Yiuf)
  1896 | Abyss:1  | Noticed a chaos spawn
  1910 | Abyss:1  | Noticed a bone dragon
  1931 | Abyss:1  | Slain by a small abomination

Skill      XL: |  1  2  3 |
---------------+----------+-----
Shields        | 4 |  4.4
Fighting       | |  3.5
Maces & Flails | |  2.8
Armour         | |  3.8
Dodging        | |  0.2

Action                   |  1- 3 |  4- 6 || total
-------------------------+-------+-------++-------
Melee: Flail             |   183 |    86 ||   269
  Eat: Chunk             |       |     2 ||     2
       Fruit             |       |     1 ||     1
Armor: Scale mail        |   146 |    56 ||   202
Dodge: Dodged            |   111 |    31 ||   142
Block: Shield            |   138 |    51 ||   189
